 Dungeon Crawl Stone Soup version 0.20.1-1-g8b1a95d (webtiles) character file.

1006 robertstho the Cleaver (level 8, -5/49 HPs)
             Began as a Tengu Berserker on Nov 15, 2017.
             Was a Priest of Trog.
             Slain by an ogre
             ... wielding a +0 giant spiked club
              (18 damage)
             ... on level 5 of the Dungeon.
             The game lasted 00:09:06 (3014 turns).

robertstho the Cleaver (Tengu Berserker)            Turns: 3014, Time: 00:09:07

Health: -5/49      AC:  9    Str: 17    XL:     8   Next: 20%
Magic:  9/9        EV:  8    Int:  9    God:    Trog [***...]
Gold:   150        SH:  0    Dex: 15    Spells: 7/7 levels left

rFire    . . .     SeeInvis .   a - +0 hand axe
rCold    . . .     Gourm    .   (no shield)
rNeg     . . .     Faith    .   b - +0 chain mail
rPois    .         Spirit   .   (helmet restricted)
rElec    .         Reflect  .   (no cloak)
rCorr    .         Harm     .   (no gloves)
MR       .....                  (boots unavailable)
Stlth    ..........             (no amulet)
Regen    0.2/turn               (no ring)
MPRegen  0.2/turn               (no ring)

@: no status effects
A: beak, talons 3, able to fly 1
a: Fly, Berserk, Trog's Hand, Burn Spellbooks, Renounce Religion


You were on level 5 of the Dungeon.
You worshipped Trog.
Trog was most pleased with you.
You were not hungry.

You visited 1 branch of the dungeon, and saw 5 of its levels.

You collected 150 gold pieces.

Inventory:

Hand Weapons
 a - a +0 hand axe (weapon)
Armour
 b - a +0 chain mail (worn)
Wands
 p - a wand of confusion (29/48)
 r - a wand of digging (15/24)
Scrolls
 d - a scroll of noise {unknown}
 e - 2 scrolls of random uselessness {unknown}
 f - a scroll of amnesia {unknown}
 h - a scroll of teleportation {unknown}
 j - 3 scrolls of recharging {unknown}
 k - a scroll of blinking
 l - a scroll of fog
 q - 4 scrolls of identify
 t - a scroll of fear {unknown}
Potions
 i - a potion of agility
 m - a potion of curing
 o - 2 potions of heal wounds {unknown}
 u - a potion of mutation {unknown}
Comestibles
 c - 6 bread rations
 g - 2 meat rations
 n - 4 fruits
 s - 3 chunks of flesh


   Skills:
 * Level 5.3 Fighting
 * Level 8.1 Axes
 * Level 4.8 Armour
 + Level 2.7 Dodging
 + Level 1.0 Stealth


You had 7 spell levels left.
You didn't know any spells.

Dungeon Overview and Level Annotations

Branches:
Dungeon (5/15)             Temple (0/1) D:4

Altars:
Cheibriados
Sif Muna


Innate Abilities, Weirdness & Mutations

You have a beak for a mouth.
You have claws for feet.
You can fly.


Message History

The ogre closely misses you.
You hit the ogre. You claw the ogre. Your peck misses the ogre.
The ogre is moderately wounded.
The ogre misses you.
You slash the ogre! Your kick misses the ogre. You peck the ogre.
The ogre is severely wounded.
You barely miss the ogre. Your kick misses the ogre.
The ogre is severely wounded.
The ogre hits you with a giant spiked club!!
Ouch! That really hurt!
You barely miss the ogre. You peck the ogre.
The ogre is almost dead.
Your chain mail prevents you from hitting the ogre.
The ogre is almost dead.
The ogre hits you with a giant spiked club!
* * * LOW HITPOINT WARNING * * *
You hit the ogre but do no damage. You claw the ogre.
The ogre is almost dead.
The ogre hits you with a giant spiked club!!
You die...

.......#.### .#
............#.#
.....###.##.#.# #######
.....# #.# ...# #.....#
.....# #.# #..# #.....#
.....###.###..# #.....#
..............# #.....#
####....####..####.....#
#....# #....@O.....+
###### ##.####.....# #.#
#.....# #+# #.....#
......# ...#### ...#
....#


You could see an ogre.

Vanquished Creatures
  Grinder (D:3)
  Sigmund (D:3)
  An ogre (D:4)
  A bullfrog (D:5)
  A scorpion (D:4)
  A crimson imp (D:5)
  An orc priest (D:5)
  A centaur skeleton (D:4)
  A hound (D:4)
  2 orc wizards (D:4)
  Terence (D:3)
  4 worker ants
  3 gnolls (D:5)
  3 adders
  2 oozes
  2 adder skeletons (D:4)
  A worm (D:2)
  2 dart slugs (D:2)
  6 leopard geckos
  8 orcs
  A ball python (D:1)
  2 giant cockroaches
  5 goblins
  3 hobgoblins
  5 jackals
  A quokka (D:4)
  8 bats
  5 frilled lizards
  A jackal skeleton (D:5)
  5 kobolds
  4 rats
83 creatures vanquished.

Notes
Turn   | Place    | Note
-------+----------+-------------------------------------------
     0 | D:1      | robertstho the Tengu Berserker began the quest for the Orb.
     0 | D:1      | Reached XP level 1. HP: 14/14 MP: 2/2
   270 | D:1      | Reached XP level 2. HP: 18/19 MP: 3/3
   564 | D:1      | Reached skill level 4 in Axes
   577 | D:2      | Found a snail-covered altar of Cheibriados.
   627 | D:2      | Found a faded altar of an unknown god.
   675 | D:2      | Reached XP level 3. HP: 23/23 MP: 4/4
   946 | D:2      | Found a deep blue altar of Sif Muna.
  1153 | D:3      | Reached ** piety under Trog
  1194 | D:3      | Noticed Grinder
  1202 | D:3      | Killed Grinder
  1202 | D:3      | Reached skill level 5 in Axes
  1202 | D:3      | Reached XP level 4. HP: 9/29 MP: 5/5
  1202 | D:3      | Gained mutation: You can fly. [Tengu growth]
  1202 | D:3      | Reached XP level 5. HP: 11/33 MP: 6/6
  1202 | D:3      | Reached XP level 6. HP: 13/38 MP: 7/7
  1610 | D:3      | Noticed Sigmund
  1618 | D:3      | Killed Sigmund
  1618 | D:3      | Reached skill level 6 in Axes
  1751 | D:3      | Noticed Terence
  1761 | D:3      | Killed Terence
  1761 | D:3      | Reached XP level 7. HP: 44/44 MP: 8/8
  2131 | D:4      | Reached skill level 5 in Fighting
  2332 | D:4      | Reached skill level 7 in Axes
  2434 | D:4      | Found a staircase to the Ecumenical Temple.
  2451 | D:4      | Reached skill level 1 in Stealth
  2704 | D:5      | Entered Level 5 of the Dungeon
  2715 | D:5      | Reached XP level 8. HP: 49/49 MP: 9/9
  2942 | D:5      | Reached skill level 8 in Axes
  2943 | D:5      | Reached *** piety under Trog
  3014 | D:5      | Slain by an ogre

Skill      XL: |  1  2  3  4  5  6  7  8 |
---------------+-------------------------+-----
Axes           | 4 5 6 7 8 |  8.1
Fighting       | 4 5 |  5.3
Armour         | 3 4 |  4.8
Stealth        | 1 |  1.0
Dodging        | |  2.7

Action                   |  1- 3 |  4- 6 |  7- 9 || total
-------------------------+-------+-------+-------++-------
Melee: Hand axe          |    59 |    34 |   116 ||   209
       Kick              |    15 |    12 |    47 ||    74
       Peck              |     7 |     9 |    18 ||    34
Invok: Berserk           |     1 |     1 |     2 ||     4
  Use: Scroll            |     3 |       |       ||     3
       Potion            |       |       |     1 ||     1
 Stab: Distracted        |       |       |     1 ||     1
  Eat: Chunk             |     1 |     2 |     5 ||     8
       Royal jelly       |       |     1 |       ||     1
Armor: Animal skin       |     7 |       |       ||     7
       Scale mail        |    13 |       |       ||    13
       Chain mail        |    10 |    16 |    51 ||    77
Dodge: Dodged            |    35 |    11 |    47 ||    93
